 Dungeon Crawl Stone Soup version 0.29.1-1-gd02db6906a (webtiles) character file.

Game seed: 12020007463109558367

4006 funnyparkerb the Cutter (level 10, 0/39 (51) HPs)
             Began as a Vine Stalker Brigand on Sept 30, 2022.
             Was a Follower of Uskayaw.
             Succumbed to a hornet's poison
             ... on level 8 of the Dungeon.
             The game lasted 00:22:47 (7396 turns).

funnyparkerb the Cutter (Vine Stalker Brigand)      Turns: 7396, Time: 00:22:47

HP:   0/39 (51)     AC:  8    Str: 10 (13) XL:     10   Next: 23%
MP:   1/15          EV: 14    Int: 14 (17) God:    Uskayaw [*.....]
Gold: 453           SH: 12    Dex: 19 (21) Spells: 9/9 levels left

rFire   + + .      SeeInvis .   a - +3 dagger
rCold   + . .      Faith    .   q - +2 buckler
rNeg    . . .      Spirit   +   A - +3 leather armour {rF+}
rPois   +          Reflect  +   E - +0 helmet
rElec   +          Harm     .   P - scarf {+Inv}
rCorr   +          Rampage  .   n - +0 pair of gloves
Will    ++...                   (no boots)
Stlth   +++.......              k - amulet of reflection
HPRegen 0.93/turn               y - +6 ring of intelligence
MPRegen 0.14/turn               F - ring of willpower

@: lethally poisoned (0 -> -1), resistant, slowed, heavily drained, very slow
A: fangs 3, regeneration 1, magic shield, antimagic bite, no potion heal 2
a: Renounce Religion, Evoke Invisibility, Stomp


You were on level 8 of the Dungeon.
You worshipped Uskayaw.
Uskayaw was noncommittal.
You visited 2 branches of the dungeon, and saw 10 of its levels.
You also visited: Ossuary.

You collected 453 gold pieces.

Inventory:

Hand Weapons
 a - a +3 dagger (weapon)
Missiles
 d - 15 poisoned darts (quivered)
 e - 2 curare-tipped darts
 B - 5 boomerangs
 C - 2 throwing nets
 M - a javelin
Armour
 c - a +0 cloak
 n - a +0 pair of gloves (worn)
 q - a +2 buckler (worn)
 x - a +0 ring mail
 A - a +3 leather armour of fire resistance (worn)
 E - a +0 helmet (worn)
 P - a scarf of invisibility (worn)
Jewellery
 k - an amulet of reflection (around neck)
 p - an amulet of the acrobat
 y - a +6 ring of intelligence (left hand)
 F - a ring of willpower (right hand)
 N - a ring of resist corrosion
Wands
 z - a wand of roots (3)
Scrolls
 b - a scroll of butterflies {unknown}
 h - a scroll of fear {unknown}
 r - 3 scrolls of magic mapping {unknown}
 t - 9 scrolls of teleportation {unknown}
 w - a scroll of enchant weapon {unknown}
 D - a scroll of enchant armour {unknown}
 H - 2 scrolls of summoning {unknown}
 I - a scroll of immolation {unknown}
 J - a scroll of noise {unknown}
 K - a scroll of blinking {unknown}
Potions
 g - 3 potions of haste {unknown}
 i - a potion of flight
 j - a potion of mutation
 l - 3 potions of might
 m - 2 potions of ambrosia
 o - a potion of resistance
 s - 2 potions of lignification
 u - 3 potions of brilliance
 v - 3 potions of heal wounds {unknown}
 G - a potion of degeneration
 L - a potion of magic {unknown}
 O - a potion of attraction {unknown}


   Skills:
 - Level 5.0 Fighting
 * Level 7.1 Short Blades
 - Level 3.0 Throwing
 - Level 3.0 Armour
 * Level 5.1 Dodging
 + Level 6.9 Stealth
 - Level 3.0 Shields
 * Level 6.0 Invocations


You had 9 spell levels left.
You didn't know any spells.
Your spell library contained the following spells:

 Spells                   Type           Power      Damage    Failure   Level
 Ensorcelled Hibernation  Hex/Ice        0%         N/A       58%         2
 Passwall                 Tmut/Erth      0%         N/A       58%         2
 Gell's Gravitas          Tloc           0%         N/A       83%         3
 Spider Form              Tmut/Pois      0%         N/A       83%         3
 Summon Guardian Golem    Hex/Summ       0%         N/A       83%         3
 Swiftness                Air            0%         N/A       83%         3
 Teleport Other           Tloc           0%         N/A       83%         3
 Anguish                  Hex/Necr       0%         N/A       99%         4
 Olgreb's Toxic Radiance  Pois           0%         N/A       99%         4
 Dispersal                Tloc           0%         N/A       100%        6
 Orb of Destruction       Conj           0%         9d5       100%        7
 Spellforged Servitor     Conj/Summ      0%         N/A       100%        7
 Summon Hydra             Summ           0%         N/A       100%        7
 Summon Horrible Things   Summ           0%         N/A       100%        8


Dungeon Overview and Level Annotations

Branches:
Dungeon (9/15)             Temple (1/1) D:4            Lair (0/5) D:8
Ossuary (visited)
    Orc: D:9-12

Altars:
Cheibriados
Dithmenos
Gozag
Hepliaklqana
Kikubaaqudgha
Makhleb
Nemelex Xobeh
Ru
Uskayaw
Vehumet
Wu Jian
Xom

Shops:
D:6 *   D:7 *


Innate Abilities, Weirdness & Mutations

You have razor-sharp teeth.
Your natural rate of healing is unusually fast.
When hurt, damage is shared between your health and your magic reserves.
Your bite disrupts and absorbs the magic of your enemies.
Potions cannot restore your health.


Message History

The hornet stings you.
You feel as though you will be slow longer.
The hornet stings you but does no damage.
The hornet stings you!
You are poisoned.
You feel as though you will be slow longer.
You can move again.
Throw: 3 darts (curare)
Press: ? - help, Shift-Dir - straight line, f/p - hornet
Aim: a hornet (lightly wounded, 53% to hit)
You throw a curare-tipped dart.
The curare-tipped dart barely misses the hornet.
You feel very sick. You block the hornet's attack. x2
Your system rejects the healing.
You feel better. The hornet closely misses you. The hornet stings you!
You feel as though you will be slow longer.
Okay, then.
Unknown command.
You feel drained.
You fail to use your ability.
The hornet stings you but does no damage. x2
You feel drained.
You fail to use your ability.
The hornet stings you!
* * * LOW HITPOINT WARNING * * *
You are poisoned.
You feel as though you will be slow longer.
You block the hornet's attack. The hornet stings you.
* * * LOW HITPOINT WARNING * * *
You feel as though you will be slow longer.
Okay, then.
* * * LOW HITPOINT WARNING * * *
You feel very sick. You block the hornet's attack.
You feel protected.
* * * LOW HITPOINT WARNING * * *
You feel very sick. You block the hornet's attack.
The hornet completely misses you.
It was a potion of degeneration.
There was something very wrong with that liquid.
You feel weakened.
You feel dopey.
You feel clumsy.
You die...

#......# #......###
###....<...#
.........#.#
###......#.# #......'.#
#......###
#......################
#.###.........@y......(
#.# #[#################
#.# #.##.............<#
#.# #.##.##############
##.###.##.####
##............#
#.............#
#......#......#
#.....(###.####


You could see a hornet.

Vanquished Creatures
  Joseph (D:7)
  A hornet (D:8)
  Sigmund (D:5)
  A wyvern (D:7)
  A warg (D:9)
  An acid dragon (D:9)
  2 ice beasts
  3 black bears (D:6)
  4 ogres
  2 centaurs
  3 bullfrogs
  2 kobold brigands (D:6)
  Blork the orc (D:5)
  3 elf zombies (Ossuary)
  2 scorpions (D:5)
  8 wights
  4 killer bees (D:8)
  2 howler monkeys (D:7)
  2 jellies
  2 human zombies (Ossuary)
  A hound (D:7)
  7 iguanas
  Ijyb (D:5)
  4 orc wizards
  4 mummies (Ossuary)
  2 adders
  3 shadow imps
  2 white imps (D:6)
  An ufetubus (D:6)
  A worm (D:3)
  A dart slug (D:5)
  6 orcs
  9 endoplasms
  2 goblins
  3 hobgoblins
  3 quokkas
  7 ball pythons
  3 bats
  2 frilled lizards (D:1)
  3 gnoll zombies (Ossuary)
  A goblin zombie (Ossuary)
  2 jackal zombies (Ossuary)
  13 kobolds
  A kobold zombie (Ossuary)
  3 rats
131 creatures vanquished.

Vanquished Creatures (others)
  3 orc wizards (D:6)
  A kobold (D:6)
  2 plants (D:8)
6 creatures vanquished.

Grand Total: 137 creatures vanquished

Notes
Turn   | Place    | Note
-------+----------+-------------------------------------------
     0 | D:1      | funnyparkerb the Vine Stalker Brigand began the quest for
                  | the Orb.
     0 | D:1      | Reached XP level 1. HP: 11/11 MP: 2/2
   429 | D:1      | Reached skill level 2 in Short Blades
   621 | D:1      | Found a faded altar of an unknown god.
   629 | D:1      | Reached XP level 2. HP: 14/15 MP: 3/3
  1770 | D:2      | Identified the +0 robe of the Vacuum {Stlth+ Archmagi}
  2110 | D:2      | Reached XP level 3. HP: 7/19 MP: 2/4
  3173 | D:4      | Found a staircase to the Ecumenical Temple.
  3192 | D:4      | Reached skill level 3 in Short Blades
  3192 | D:4      | Gained mutation: Your natural rate of healing is unusually
                  | fast. [Vine Stalker growth]
  3192 | D:4      | Reached XP level 4. HP: 7/24 MP: 2/5
  3207 | Temple   | Entered the Ecumenical Temple
  3214 | Temple   | Became a worshipper of Uskayaw the Reveller
  3276 | D:4      | Reached * piety under Uskayaw
  3973 | D:5      | Entered Level 5 of the Dungeon
  3987 | D:5      | Noticed an ogre
  4011 | D:5      | Killed an ogre
  4012 | D:5      | Reached skill level 4 in Short Blades
  4012 | D:5      | Reached XP level 5. HP: 28/28 MP: 6/6
  4057 | D:5      | Reached skill level 5 in Short Blades
  4057 | D:5      | Reached XP level 6. HP: 21/32 MP: 5/7
  4081 | D:5      | Reached ** piety under Uskayaw
  4095 | D:5      | Noticed Ijyb
  4129 | D:5      | Killed Ijyb
  4236 | D:5      | Reached skill level 1 in Dodging
  4270 | D:5      | Noticed Blork the orc
  4277 | D:5      | Killed Blork the orc
  4278 | D:5      | Reached skill level 5 in Stealth
  4278 | D:5      | Reached XP level 7. HP: 36/36 MP: 8/8
  4280 | D:5      | Noticed Sigmund
  4284 | D:5      | Reached *** piety under Uskayaw
  4297 | D:5      | Killed Sigmund
  4298 | D:5      | Reached skill level 1 in Shields
  4298 | D:5      | Reached skill level 1 in Invocations
  4300 | D:5      | Reached skill level 1 in Armour
  4634 | D:6      | Gained mutation: You have razor-sharp teeth. [Vine Stalker
                  | growth]
  4634 | D:6      | Reached XP level 8. HP: 40/40 MP: 10/10
  4986 | D:6      | Reached skill level 6 in Short Blades
  5029 | D:6      | Reached **** piety under Uskayaw
  5112 | D:6      | Found a sand-covered staircase.
  5118 | Ossuary  | Entered an ossuary
  5167 | Ossuary  | Reached ***** piety under Uskayaw
  5205 | Ossuary  | Reached XP level 9. HP: 45/45 MP: 12/12
  5212 | Ossuary  | Reached ****** piety under Uskayaw
  5547 | D:6      | Found Wogu's Mayhem Merchandise.
  6001 | D:7      | Found Zuiseuh's Assorted Antiques.
  6073 | D:7      | Reached skill level 5 in Fighting
  6305 | D:7      | Found a sparkling altar of Nemelex Xobeh.
  6795 | D:7      | Noticed Joseph
  6802 | D:7      | Killed Joseph
  6803 | D:7      | Reached skill level 5 in Invocations
  6922 | D:8      | Got the Precepts of the Amassed Black Widow
  6994 | D:8      | Found a staircase to the Lair.
  7009 | D:8      | Reached XP level 10. HP: 51/51 MP: 15/15
  7269 | D:8      | Reached skill level 7 in Short Blades
  7269 | D:8      | Reached skill level 5 in Dodging
  7386 | D:8      | Paralysed by a hornet for 3 turns
  7395 | D:8      | HP: 1/39 [poisoned by a hornet]
  7396 | D:8      | Succumbed to a hornet's poison

Illustrated notes

Levels and vault maps discovered:
D:1:      psy_arrival_fountain, layout_basic, nicolae_ecumenical_snake_handling
D:2:      layout_basic, dreamdust_princess_corridor
D:3:      layout_basic
D:4:      layout_basic, minmay_temple_entry_mist, minivault_24,
          minmay_misc_feat_cross, minivault_25
D:5:      layout_rooms, uniq_sigmund, uniq_ijyb, uniq_blork_the_orc
D:6:      layout_basic, enter_ossuary_1, minmay_shop_mayhem,
          minmay_a_box_with_orc_wizards_in_it
D:7:      layout_loops_cross, nemelex_spade_bored_becter, serial_shops, shop,
          uniq_joseph
D:8:      layout_basic, erik_lair_orcish_takeover
D:9:      layout_roguey, uniq_erolcha
Temple:   compressed_dpeg_triangle_lava_temple

Skill      XL: |  1  2  3  4  5  6  7  8  9 10 |
---------------+-------------------------------+-----
Fighting       | 2 3 4 5 |  5.0
Short Blades   | 2 3 4 5 6 7 |  7.1
Dodging        | 1 2 3 4 5 |  5.1
Throwing       | 2 3 |  3.0
Stealth        | 5 6 |  6.9
Shields        | 1 2 3 |  3.0
Invocations    | 1 3 5 6 |  6.0
Armour         | 1 2 3 |  3.0

Action                   |  1- 3 |  4- 6 |  7- 9 | 10-12 || total
-------------------------+-------+-------+-------+-------++-------
Melee: Dagger            |    85 |    45 |   361 |    60 ||   551
       Bite              |    16 |    14 |   138 |    21 ||   189
Throw: Dart              |    10 |    16 |    35 |     4 ||    65
       Javelin           |       |     2 |     4 |     1 ||     7
       Boomerang         |       |       |    10 |    17 ||    27
Invok: Line Pass         |       |     1 |     6 |     2 ||     9
Evoke: Wand              |       |     1 |     3 |       ||     4
  Use: Scroll            |       |       |     8 |       ||     8
       Potion            |       |       |       |     3 ||     3
 Stab: Sleeping          |     9 |     3 |     3 |     1 ||    16
       Confused          |       |       |     3 |       ||     3
       Paralysed         |       |       |     4 |     2 ||     6
       Distracted        |       |       |     1 |       ||     1
Armor: Leather armour    |    16 |     2 |    71 |    10 ||    99
       Robe              |     1 |       |       |       ||     1
       Ring mail         |       |     2 |       |       ||     2
Dodge: Dodged            |    22 |     8 |    88 |    27 ||   145
Block: Other             |     7 |       |       |       ||     7
       Buckler           |    12 |    11 |   156 |    40 ||   219
       Reflection        |       |       |     9 |       ||     9
